 Dungeon Crawl Stone Soup version 0.18.1-48-g4cf74bf (webtiles) character file.

7760 Gargoyl the Protected (level 11, 0/86 HPs)
             Began as a Demonspawn Abyssal Knight on Sept 1, 2016.
             Was a High Priest of Lugonu.
             Slain by a hill giant
             ... wielding a +0 giant club
              (20 damage)
             ... on level 9 of the Dungeon.
             The game lasted 00:25:51 (7893 turns).

Gargoyl the Protected (Demonspawn Abyssal Knight)   Turns: 7893, Time: 00:25:51

Health: 0/86       AC: 33    Str: 15      XL:     11   Next: 1%
Magic:  14/14      EV:  6    Int: 23      God:    Lugonu [*****.]
Gold:   190        SH:  0    Dex:  9 (11) Spells: 0 memorised, 10 levels left

rFire  . . .     SeeInvis +     J - +3 war axe
rCold  . . .     Gourm    .     g - +7 plate armour of Sytwel {Regen+ Int+7}
rNeg   . . .     Faith    .     (no shield)
rPois  +         Spirit   .     (helmet restricted)
rElec  .         Dismiss  .     n - +0 cloak (curse)
rCorr  .         Reflect  .     (no gloves)
SustAt .         Harm     .     B - +2 pair of boots
MR     .....                    x - amulet of magic regeneration
Stlth  ..........               y - ring of see invisible
                                l - ring of poison resistance

@: not resistant to hostile enchantments, extremely unstealthy
A: antennae 2, talons 1, rough black scales 2, clever 1, mutation resistance 1,
screaming 1, spiny 1
a: Depart the Abyss, Bend Space, Banish, Corrupt, Enter the Abyss, Renounce
Religion


You were on level 9 of the Dungeon.
You worshipped Lugonu.
Lugonu was extremely pleased with you.
You were not hungry.

You visited 1 branch of the dungeon, and saw 9 of its levels.
You visited the Abyss 1 time.

You collected 571 gold pieces.
You spent 381 gold pieces at shops.

Inventory:

Hand Weapons
 J - a +3 war axe (weapon)
 K - a +1 vampiric spear
Missiles
 w - 2 tomahawks of returning
 A - 3 javelins of returning (quivered)
 G - 6 tomahawks
Armour
 g - the +7 plate armour of Sytwel (worn) {Regen+ Int+7}
   (You found it on level 2 of the Abyss)

   It affects your intelligence (+7).
   It increases your rate of regeneration.
 n - a cursed +0 cloak (worn)
 B - a +2 pair of boots (worn)
Jewellery
 l - a ring of poison resistance (left hand)
 x - an amulet of magic regeneration (around neck)
 y - a ring of see invisible (right hand)
Wands
 a - a wand of acid (3/15)
 e - a wand of slowing (12/48)
 H - a wand of acid (8/15)
Scrolls
 h - 3 scrolls of identify
 j - a scroll of amnesia
 k - 7 scrolls of teleportation
 u - 3 scrolls of remove curse
 E - a scroll of fog
 I - a scroll of blinking
Potions
 d - 2 potions of curing
 i - a potion of magic
 m - 7 potions of heal wounds {unknown}
 o - a potion of resistance {unknown}
 p - 2 potions of invisibility {unknown}
 r - a potion of lignification {unknown}
 v - a potion of brilliance {unknown}
 z - 2 potions of might
 C - a potion of mutation {unknown}
 D - a potion of cure mutation {unknown}
 F - a potion of ambrosia {unknown}
Books
 t - a book of Debilitation

   Spells                             Type                      Level
   a - Corona                         Hexes                        1
   b - Slow                           Hexes                        2
   c - Gell's Gravitas                Hexes/Translocation          3
   d - Inner Flame                    Hexes/Fire                   3
   e - Cause Fear                     Hexes                        4
   f - Leda's Liquefaction            Hexes/Earth                  4
Comestibles
 b - 3 slices of pizza
 c - 12 bread rations
 f - 2 beef jerkies
 q - 2 fruits
 s - 3 meat rations


   Skills:
 + Level 8.1 Fighting
 + Level 8.0 Axes
 + Level 3.1 Throwing
 * Level 10.4 Armour
 + Level 3.3 Dodging
 + Level 0.6 Stealth
 + Level 4.1 Invocations
 + Level 0.6 Evocations


You had 10 spell levels left.
You didn't know any spells.

Dungeon Overview and Level Annotations

Branches:
Dungeon (9/15)             Temple (0/1) D:7
   Lair: D:8-11         Orc: D:9-12

Altars:
Nemelex Xobeh
Okawaru
Pakellas
Qazlal
Sif Muna
Trog
Vehumet
Xom

Shops:
D:4 %   D:8 ?


Innate Abilities, Weirdness & Mutations

You have a pair of antennae on your head.
You are mostly covered in rough black scales (AC +7, Dex -2).
You are partially covered in sharp spines.
You have sharp toenails.
Your mind is acute. (Int +2)
You are somewhat resistant to further mutation.
You occasionally shout uncontrollably at your foes.


Message History

You hit the fungus.
The fungus is almost destroyed.
You hit the wasp but do no damage.
The wasp is moderately wounded.
The wasp is struck by your spines. The wasp stings you but does no damage.
The hill giant is struck by your spines.
The hill giant hits you with a giant club!!
The wasp stings you!
* * * LOW HITPOINT WARNING * * *
A rat comes into view.
You hit the hill giant.
The hill giant is severely wounded.
You slash the fungus!
You destroy the fungus!
You completely miss the wasp.
The wasp is heavily wounded.
The wasp stings you but does no damage.
The hill giant is struck by your spines.
The hill giant hits you with a giant club!!
You die...

#### .P....#### Y..
P........ {Y# P.......
{.# o..P.P# ..# .P
#r..P.# ##..##..P...
#o....## ............
#Cyr...###
........P.P.####@........
.D.......P.P.........###
########..P.P..P....##
#.....PPPP.PP#
#.P.PP.P....##
#..#.†....### #..##..####
########..##.########
.........†...........


You could see a hill giant, an orc warrior, a wasp, an orc and 2 rats.

Vanquished Creatures
  A hill giant (D:8)
  Pikel (D:4)
  Joseph (D:8)
  Maurice (D:9)
  Prince Ribbit (D:8)
  A spriggan (D:7)
  7 yaks
  Eustachio (D:4)
  A steam dragon (D:8)
  A wyvern (D:8)
  The ghost of humperndinck the Sneak, an amateur NaEn (D:3)
  Menkaure (D:4)
  2 water moccasins
  2 sky beasts
  An ice beast (D:7)
  3 phantoms
  5 orc warriors
  2 black bears (D:6)
  2 ogres
  An eye of draining (D:8)
  A necrophage (D:7)
  3 centaurs
  A crocodile (D:9)
  A big kobold (D:8)
  2 giant frogs
  A water moccasin zombie (D:7)
  A wyvern skeleton (D:9)
  2 scorpions (D:4)
  6 killer bees
  A howler monkey (D:5)
  A giant frog zombie (D:9)
  2 crimson imps
  5 hounds
  2 quasits
  5 orc priests
  A giant frog skeleton (D:4)
  A gnoll shaman (D:7)
  2 jellies (D:6)
  6 orc wizards
  4 iguanas
  6 worker ants
  2 hound skeletons (D:4)
  4 gnolls (D:7)
  7 adders
  A river rat (D:9)
  3 oozes
  An adder zombie (D:7)
  An adder skeleton (D:4)
  5 worms
  A dart slug (D:1)
  8 giant geckos
  28 orcs
  4 giant cockroaches
  11 goblins
  7 hobgoblins
  8 jackals
  5 quokkas
  2 ball pythons
  20 bats
  6 giant newts
  15 kobolds
  19 rats
  A fungus (D:9)
249 creatures vanquished.

Vanquished Creatures (others)
  A crimson imp (D:6)
  An orc (D:4)
  14 fungi (D:9)
  6 starspawn tentacles (Abyss:2)
  7 starspawn tentacle segments (Abyss:2)
29 creatures vanquished.

Grand Total: 278 creatures vanquished

Notes
Turn   | Place    | Note
--------------------------------------------------------------
     0 | Abyss:1  | Gargoyl the Demonspawn Abyssal Knight began the quest for the Orb.
     0 | Abyss:1  | Reached XP level 1. HP: 18/18 MP: 2/2
   101 | Abyss:2  | Noticed a tentacled starspawn
   133 | Abyss:2  | Noticed an ancient zyme
   135 | Abyss:2  | Noticed an earth elemental
   144 | Abyss:2  | Noticed a small abomination
   151 | Abyss:2  | Got a bloodstained plate armour
   152 | D:1      | Escaped the Abyss
   163 | D:1      | Identified the +7 plate armour of Sytwel {Regen+ Int+7} (You found it on level 2 of the Abyss)
   336 | D:1      | Gained mutation: You have a pair of small antennae on your head. [demonic ancestry]
   336 | D:1      | Reached XP level 2. HP: 24/24 MP: 3/3
   392 | D:1      | Reached * piety under Lugonu
   428 | D:1      | You fall through a shaft!
   479 | D:2      | Reached skill level 1 in Dodging
   513 | D:2      | Reached skill level 2 in Armour
   639 | D:1      | Reached XP level 3. HP: 29/29 MP: 4/4
   838 | D:1      | Reached ** piety under Lugonu
  1203 | D:2      | Found an iron altar of Okawaru.
  1308 | D:2      | Found a shimmering altar of Xom.
  1357 | D:2      | Gained mutation: You are partially covered in rough black scales (AC +4, Dex -1). [demonic ancestry]
  1357 | D:2      | Reached XP level 4. HP: 34/37 MP: 5/5
  1521 | D:2      | Found an oddly glowing altar of Pakellas.
  1950 | D:3      | Reached *** piety under Lugonu
  1970 | D:3      | Noticed humperndinck's ghost (amateur NaEn)
  2033 | D:3      | Killed humperndinck's ghost
  2033 | D:3      | Reached skill level 3 in Armour
  2033 | D:3      | Reached XP level 5. HP: 36/42 MP: 6/6
  2233 | D:3      | Found a radiant altar of Vehumet.
  2399 | D:4      | Reached XP level 6. HP: 41/49 MP: 7/7
  2527 | D:4      | Noticed Eustachio
  2536 | D:4      | Reached skill level 4 in Armour
  2593 | D:4      | Killed Eustachio
  2593 | D:4      | Gained mutation: You have a pair of antennae on your head. [demonic ancestry]
  2593 | D:4      | Reached XP level 7. HP: 44/55 MP: 8/8
  2731 | D:4      | Found Quufaikia's Food Shoppe.
  2845 | D:4      | Noticed Pikel
  2846 | D:4      | Noticed Menkaure
  2935 | D:4      | Reached skill level 5 in Armour
  3034 | D:4      | Killed Menkaure
  3234 | D:4      | Killed Pikel
  3234 | D:4      | Reached skill level 5 in Fighting
  3234 | D:4      | Reached skill level 6 in Armour
  3234 | D:4      | Reached XP level 8. HP: 45/62 MP: 9/9
  3297 | D:5      | Entered Level 5 of the Dungeon
  3430 | D:5      | Reached skill level 5 in Axes
  3442 | D:5      | Found a sparkling altar of Nemelex Xobeh.
  3645 | D:5      | Reached **** piety under Lugonu
  3655 | D:5      | Reached skill level 7 in Armour
  3990 | D:5      | Found a shimmering altar of Xom.
  4017 | D:5      | Reached skill level 1 in Throwing
  4201 | D:5      | Found a deep blue altar of Sif Muna.
  4467 | D:5      | Gained mutation: You are mostly covered in rough black scales (AC +7, Dex -2). [demonic ancestry]
  4467 | D:5      | Reached XP level 9. HP: 52/69 MP: 10/10
  5046 | D:6      | Found a bloodstained altar of Trog.
  5209 | D:6      | Reached skill level 8 in Armour
  5379 | D:7      | Found a stormy altar of Qazlal.
  5532 | D:7      | Found a staircase to the Ecumenical Temple.
  5884 | D:7      | Gained mutation: Your mind is acute. (Int +2) [mutagenic meat]
  5885 | D:7      | Gained mutation: You occasionally shout uncontrollably at your foes. [mutagenic meat]
  5886 | D:7      | Gained mutation: You have sharp toenails. [mutagenic meat]
  5887 | D:7      | Gained mutation: You are somewhat resistant to further mutation. [mutagenic meat]
  6131 | D:8      | Found Koxtitoc's Magic Scroll Emporium.
  6143 | D:8      | Bought a scroll of enchant weapon for 112 gold pieces
  6143 | D:8      | Bought a scroll of enchant weapon for 112 gold pieces
  6143 | D:8      | Bought a scroll of teleportation for 45 gold pieces
  6143 | D:8      | Bought a scroll of blinking for 112 gold pieces
  6219 | D:8      | Reached skill level 9 in Armour
  6310 | D:8      | Noticed Prince Ribbit
  6324 | D:8      | Reached XP level 10. HP: 77/77 MP: 13/13
  6650 | D:8      | Noticed a hill giant
  6670 | D:8      | Killed a hill giant
  6743 | D:8      | Killed Prince Ribbit
  6953 | D:8      | Noticed Joseph
  6977 | D:8      | Killed Joseph
  7272 | D:8      | Reached ***** piety under Lugonu
  7328 | D:8      | Reached skill level 10 in Armour
  7422 | D:9      | Noticed Maurice
  7568 | D:9      | Killed Maurice
  7870 | D:9      | Gained mutation: You are partially covered in sharp spines. [demonic ancestry]
  7870 | D:9      | Reached XP level 11. HP: 80/86 MP: 14/14
  7886 | D:9      | Noticed a hill giant
  7893 | D:9      | Slain by a hill giant

Skill      XL: |  1  2  3  4  5  6  7  8  9 10 |
---------------+-------------------------------+-----
Axes           | 2 3 4 5 6 8 |  8.0
Dodging        | 1 2 3 |  3.3
Armour         | 2 3 4 6 7 9 10 | 10.4
Fighting       | 4 5 6 8 |  8.1
Throwing       | 1 2 3 |  3.1
Invocations    | 4 |  4.1
Stealth        | |  0.6
Evocations     | |  0.6

Action                   |  1- 3 |  4- 6 |  7- 9 | 10-12 || total
-------------------------+-------+-------+-------+-------++-------
Melee: Hand axe          |   187 |   182 |   733 |    67 ||  1169
       War axe           |       |       |       |   266 ||   266
Throw: Tomahawk          |       |     3 |       |       ||     3
       Javelin           |       |     4 |    44 |    11 ||    59
Invok: Depart the Abyss  |     1 |       |       |       ||     1
       Banish            |       |       |     3 |       ||     3
Evoke: Wand              |       |     2 |       |       ||     2
  Use: Potion            |       |     3 |     1 |     2 ||     6
       Scroll            |       |       |    12 |     9 ||    21
  Eat: Chunk             |     2 |     4 |    22 |     3 ||    31
       Bread ration      |       |       |       |     1 ||     1
Armor: Plate armour      |   214 |   230 |   715 |   393 ||  1552
Dodge: Dodged            |    39 |    72 |   235 |   144 ||   490
